 Dungeon Crawl Stone Soup version 0.29-a0-323-g050149af67 (webtiles) character file.

Game seed: 17075727865252576370

37 spaghetti the Grave Robber (level 3, -1/26 HPs)
             Began as a Demigod Necromancer on Apr 11, 2022.
             Succumbed to an adder's poison
             ... on level 2 of the Dungeon.
             The game lasted 00:01:45 (1133 turns).

spaghetti the Grave Robber (Demigod Necromancer)    Turns: 1133, Time: 00:01:45

Health: -1/26      AC:  4    Str:  9    XL:     3   Next: 8%
Magic:  4/8        EV: 12    Int: 21    God:
Gold:   17         SH:  0    Dex: 14    Spells: 4/5 levels left

rFire   . . .      SeeInvis .   i - +0 battleaxe {axe}
rCold   . . .      Faith    .   (shield currently unavailable)
rNeg    . . .      Spirit   .   a - +0 robe
rPois   .          Reflect  .   (no helmet)
rElec   .          Harm     .   (no cloak)
rCorr   .          Rampage  +   (no gloves)
Will    .....                   n - +1 pair of boots {rampage}
Stlth   ++........              m - amulet of magic regeneration {@e2}
HPRegen 0.08/turn               (no ring)
MPRegen 0.51/turn               (no ring)

@: mighty, lethally poisoned (-1 -> -8)
A: high MP 1, forlorn, divine attributes
a: no special abilities


You were on level 2 of the Dungeon.
You visited 1 branch of the dungeon, and saw 2 of its levels.

You collected 17 gold pieces.


Innate Abilities, Weirdness & Mutations

You have an increased reservoir of magic. (+10% MP)
You shall have no god before yourself.
Your divine heritage dramatically boosts your attributes as you level up.


   Skills:
 - Level 1.7 Dodging
 - Level 1.7 Stealth
 - Level 1.7 Spellcasting
 + Level 4.7 Necromancy


You had 4 spell levels left.
You knew the following spells:

 Your Spells              Type           Power      Damage    Failure   Level
a - Pain                  Necr           84%        1d8       2%          1

Your spell library contained the following spells:

 Spells                   Type           Power      Damage    Failure   Level
 Animate Skeleton         Necr           42%        N/A       2%          1
 Vampiric Draining        Necr           21%        2d7       7%          3
 Static Discharge         Conj/Air       1%         N/A       22%         2
 Animate Dead             Necr           10%        N/A       22%         4
 Agony                    Necr           21%        N/A       52%         5
 Lightning Bolt           Conj/Air       0%         1d11      99%         5
 Maxwell's Capacitive Co  Air            0%         ∞         100%        8

Inventory:

Hand Weapons
 d - a +0 dagger {short}
   (You took it off a kobold on level 1 of the Dungeon)
 f - a +0 hunting sling {sling}
   (You found it on level 1 of the Dungeon)
 h - a +0 club {mace}
   (You took it off a goblin on level 1 of the Dungeon)
 i - a +0 battleaxe (weapon) {axe}
   (You found it on level 1 of the Dungeon)
Missiles
 g - 22 stones {throwing}
Armour
 a - a +0 robe (worn)
 n - a +1 pair of boots of rampaging (worn)
   (You found it on level 2 of the Dungeon)
Jewellery
 m - an amulet of magic regeneration (around neck) {@e2}
   (You found it on level 2 of the Dungeon)
Scrolls
 c - a scroll of silence {unknown}
 e - a scroll of amnesia {unknown}
 k - 2 scrolls of teleportation {unknown}
 l - 3 scrolls of immolation {unknown}
Potions
 b - 2 potions of magic

Dungeon Overview and Level Annotations

Branches:
Dungeon (2/15)

#...........#
#...........#####
#.#.........+....
#.#.........#.#.# #
#.########'##.#.# .# ..
.#.#.....##.##.#.##.#.#.
...............#.#......
.†.............S........
.#.......##.#..#@#..#.#
.#.............h......#
.#..#######.#..#.#..#...
#..# #.#.......... .....
..#..#.#..#.# ##..#
##.#†.#.#..# # #..#
....... ... .......h..
..# ..(.....#......#


You could see an adder and 2 jackals.


Message History

The jackal barely misses you. The jackal closely misses you. 😮 HP[-1]
You take 1 damage, and now have 17/26 hp.
Aiming: Pain (safe; 2% risk of failure)
Press: ? - help, Q - select action, (/) - cycle Shift-Dir - straight line, f/p - jackal
Aim: a jackal (lightly wounded, chance to affect: 90%)
The jackal writhes in agony.
The jackal closely misses you. 😮 HP[-1] MP[-1]
You take 1 damage, and now have 16/26 hp.
You lost 1 mp, and now have 4/8 mp.
Aiming: Pain (safe; 2% risk of failure)
Press: ? - help, Q - select action, (/) - cycle Shift-Dir - straight line, f/p - jackal
Aim: a jackal (severely wounded, chance to affect: 90%)
The jackal writhes in agony.
You kill the jackal!
The jackal barely misses you. The jackal bites you.
The jackal barely misses you.
The jackal bites you but does no damage. 😮 HP[-2]
You take 2 damage, and now have 14/26 hp.
Aiming: Pain (safe; 2% risk of failure)
Press: ? - help, Q - select action, (/) - cycle Shift-Dir - straight line, f - jackal
Aim: a jackal (chance to affect: 90%)
The jackal writhes in agony!
You kill the jackal!
The jackal barely misses you.
The jackal bites you but does no damage.
The adder closely misses you. 😨 HP[-1] MP[-1]
You take 1 damage, and now have 13/26 hp.
You lost 1 mp, and now have 3/8 mp.
Aiming: Pain (safe; 2% risk of failure)
Press: ? - help, Q - select action, (/) - cycle Shift-Dir - straight line, f - adder
Aim: an adder (chance to affect: 85%)
The adder writhes in agony.
The jackal bites you but does no damage.
The jackal barely misses you.
The adder bites you but does no damage. 😨 HP[-1]
You take 1 damage, and now have 12/26 hp.
Aiming: Pain (safe; 2% risk of failure)
Press: ? - help, Q - select action, (/) - cycle Shift-Dir - straight line, f/p - adder
Aim: an adder (heavily wounded, chance to affect: 85%)
The adder barely resists.
The jackal closely misses you. The jackal barely misses you.
The adder closely misses you. The jackal closely misses you.
The jackal bites you.
* * * LOW HITPOINT WARNING * * *
😨 HP[-3] MP[-1]
You take 3 damage, and now have 9/26 hp.
You lost 1 mp, and now have 2/8 mp.
Aiming: Pain (safe; 2% risk of failure)
Press: ? - help, Q - select action, (/) - cycle Shift-Dir - straight line, f/p - adder
Aim: an adder (heavily wounded, chance to affect: 85%)
The adder writhes in agony.
The adder barely misses you. The jackal bites you.
* * * LOW HITPOINT WARNING * * *
The jackal bites you but does no damage.
The adder closely misses you. 😱 HP[-3]
You take 3 damage, and now have 6/26 hp.
Aiming: Pain (safe; 2% risk of failure)
Press: ? - help, Q - select action, (/) - cycle Shift-Dir - straight line, f/p - adder
Aim: an adder (heavily wounded, chance to affect: 85%)
The adder writhes in agony.
The jackal barely misses you.
The jackal bites you but does no damage.
The adder bites you but does no damage. The jackal bites you.
* * * LOW HITPOINT WARNING * * *
The jackal closely misses you. 😱 HP[-2] MP[-1]
You take 2 damage, and now have 4/26 hp.
You lost 1 mp, and now have 1/8 mp.
It was a potion of might.
You feel very mighty all of a sudden. The adder barely misses you.
The jackal bites you but does no damage. x2 😱 MP[+1]
Okay, then.
i - a +0 battleaxe (weapon)
{axe} The adder barely misses you.
The jackal bites you but does no damage.
The jackal barely misses you.
You miss the adder. You closely miss the jackal. You slash the jackal!
You kill the jackal!
The jackal bites you.
* * * LOW HITPOINT WARNING * * *
The adder bites you.
* * * LOW HITPOINT WARNING * * *
You are lethally poisoned!
The adder poisons you!
A jackal comes into view.
The jackal closely misses you. The adder closely misses you.
Unknown command. 😱 HP[-2] MP[+1]
You take 2 damage, and now have 2/26 hp.
Unknown command.
Okay, then.
You closely miss the adder. You closely miss the jackal.
You die...

Skill      XL: |  1 |
---------------+----+-----
Necromancy     | 4 |  4.7
Dodging        | |  1.7
Stealth        | |  1.7
Spellcasting   | |  1.7

Action                   || total
-------------------------++-------
Melee: Battleaxe         ||     2
 Cast: Pain              ||    45
  Use: Potion            ||     1
Armor: Robe              ||    14
Dodge: Dodged            ||    26

Levels and vault maps discovered:
D:1:      dpeg_arrival_shelter, layout_rooms,
          hellmonk_ecumenical_altar_inner_sanctum
D:2:      layout_basic

Notes
Turn   | Place    | Note
-------+----------+-------------------------------------------
     0 | D:1      | spaghetti the Demigod Necromancer began the quest for the
                  | Orb.
     0 | D:1      | Reached XP level 1. HP: 14/14 MP: 5/5
     0 | D:1      | magus.rc [v1.9.6]
   171 | D:1      | Reached skill level 4 in Necromancy
   349 | D:1      | Reached XP level 2. HP: 17/20 MP: 2/7
  1023 | D:2      | You pick up a book of Lightning and begin reading...
  1023 | D:2      | You add the spells Static Discharge, Lightning Bolt and
                  | Maxwell's Capacitive Coupling to your library.
  1118 | D:2      | Reached XP level 3. HP: 18/26 MP: 3/8
  1128 | D:2      | HP: 6/26 [jackal (2)]
  1132 | D:2      | HP: 2/26 [adder (1)]
  1133 | D:2      | Succumbed to an adder's poison

Vanquished Creatures
  An adder (D:2)
  A dart slug (D:1)
  A ball python (D:1)
  3 endoplasms (D:1)
  2 giant cockroaches
  A goblin (D:1)
  A hobgoblin (D:1)
  6 jackals (D:2)
  4 frilled lizards
  A kobold (D:1)
  3 rats (D:1)
24 creatures vanquished.

Table legend:
 A = Non-vault XP
 B = Vault XP
 C = Vault XP percentage of total XP
 D = Non-vault monster count
 E = Vault monster count
 F = Vault count percentage of total count
                 A         B        C        D         E       F
            +---------+---------+-------+---------+---------+-------
      Total |      54 |       0 |   0.0 |      24 |       0 |   0.0
            +---------+---------+-------+---------+---------+-------
        D:1 |      24 |       0 |   0.0 |      14 |       0 |   0.0
        D:2 |      30 |       0 |   0.0 |      10 |       0 |   0.0
            +---------+---------+-------+---------+---------+-------

Illustrated notes

Table legend:
 A = Kills in this place as a percentage of kills in entire the game.
 B = Kills by you in this place as a percentage of kills by you in the entire game.
 C = Kills by friends in this place as a percentage of kills by friends in the entire game.
 D = Other kills in this place as a percentage of other kills in the entire game.
 E = Experience gained in this place as a percentage of experience gained in the entire game.
 F = Experience gained in this place divided by the number of levels of this place that you have seen.
                   A       B       C       D       E      F
               +-------+-------+-------+-------+-------+----------------------
         Total | 100.0 | 100.0 |   N/A |   N/A | 100.0 |  27.0
       Dungeon | 100.0 | 100.0 |   N/A |   N/A | 100.0 |  27.0
               +-------+-------+-------+-------+-------+----------------------

Table legend: (Time is in decaauts)
 A = Elapsed time spent in this place.
 B = Non-inter-level travel time spent in this place.
 C = Inter-level travel time spent in this place.
 D = Time resting spent in this place.
 E = Time spent auto-exploring this place.
 F = Levels seen in this place.
 G = Mean time per level.
                   A        B        C        D        E       F      G
               +--------+--------+--------+--------+--------+-----+--------+
         Total |   1133 |   1099 |     34 |     90 |    875 |   2 |  566.5 |
       Dungeon |   1133 |   1099 |     34 |     90 |    875 |   2 |  566.5 |
               +--------+--------+--------+--------+--------+-----+--------+

Top non-repeatable levels by time:
     D:1: 1014 daAuts
     D:2: 119 daAuts
